 Dungeon Crawl Stone Soup version 0.27-a0-419-g7a85846853 (webtiles) character file.

Game seed: 7296296831982734783

311194 Ijustatesigmund the Demonic Aeon (level 20, -25/162 HPs)
             Began as a Demonspawn Fighter on Feb 24, 2021.
             Was the Champion of Cheibriados.
             Annihilated by Mennas
             ... wielding a +4 trishula of holy wrath
              (34 damage)
             ... on level 2 of the Vaults on Feb 26, 2021.
             The game lasted 01:56:32 (33761 turns).

Ijustatesigmund the Demonic Aeon (DsFi)            Turns: 33761, Time: 01:56:33

Health: -25/162    AC: 24    Str: 42    XL:     20   Next: 41%
Magic:  34/34      EV: 27    Int: 30    God:    Cheibriados [******]
Gold:   1449       SH:  0    Dex: 41    Spells: 19/23 levels left

rFire    + + .     SeeInvis +   a - +9 broad axe (flame)
rCold    . . .     Faith    .   c - +2 kite shield {reflect}
rNeg     . . .     Spirit   .   I - +6 chain mail "Zaesucue" {rElec rC- Str+4 Int+4}
rPois    +         Reflect  +   (helmet unavailable)
rElec    +         Harm     .   L - scarf {rC+ rF+}
rCorr    .         Rampage  .   D - +2 pair of gloves {archery}
Will     +....                  i - +1 pair of boots {Stlth+}
Stlth    +.........             q - amulet of regeneration
HPRegen  2.37/turn              P - ring of protection from cold
MPRegen  0.24/turn              X - ring "Ahutam" {rPois rF+ rC- Str+5 Dex+3}

@: confused, glowing, studying Crossbows, very slow
A: antennae 3, thin skeletal structure 3, dopey 1, powered by death 3,
regeneration 1, wild magic 1, augmentation 2, demonic magic 2
}: 2/15 runes: serpentine, barnacled
a: Renounce Religion, Bend Time, Temporal Distortion, Slouch, Step From Time


You were on level 2 of the Vaults.
You worshipped Cheibriados.
Cheibriados was exalted by your worship.
You visited 7 branches of the dungeon, and saw 34 of its levels.
You visited the Abyss 1 time.
You visited 1 bazaar.
You also visited: Gauntlet, Ice Cave and Volcano.

You collected 3605 gold pieces.
You spent 2156 gold pieces at shops.

Inventory:

Hand Weapons
 a - a +9 broad axe of flaming (weapon)
 Q - a +3 broad axe of draining
Missiles
 O - 36 silver javelins (quivered)
Armour
 b - a +2 chain mail of fire resistance
 c - a +2 kite shield of reflection (worn)
 e - a +2 cloak
 h - a scarf of shadows
 i - a +1 pair of boots of stealth (worn)
 D - a +2 pair of gloves of archery (worn)
 I - the +6 chain mail "Zaesucue" (worn) {rElec rC- Str+4 Int+4}
   (You bought it in a shop on level 2 of the Orcish Mines)

   It affects your strength (+4).
   It affects your intelligence (+4).
   It makes you vulnerable to cold.
   It insulates you from electricity.
 L - a scarf of resistance (worn)
Jewellery
 q - an amulet of regeneration (around neck)
 t - an amulet of reflection
 w - a ring of positive energy
 B - a +6 ring of intelligence
 P - a ring of protection from cold (left hand)
 R - the ring of Agnosticism {rElec Str+6 Int-3 Dex+4}
   (You found it in a Gauntlet)

   [ring of strength]

   It affects your strength (+6).
   It affects your intelligence (-3).
   It affects your dexterity (+4).
   It insulates you from electricity.
 S - a ring of willpower
 V - a ring of protection from cold
 W - a ring of protection from fire
 X - the ring "Ahutam" (right hand) {rPois rF+ rC- Str+5 Dex+3}
   (You bought it in a shop on level 2 of the Orcish Mines)

   [ring of protection from fire]

   It affects your strength (+5).
   It affects your dexterity (+3).
   It protects you from fire.
   It makes you vulnerable to cold.
   It protects you from poison.
Wands
 p - a wand of flame (14)
 r - a wand of digging (18)
 z - a wand of mindburst (8)
 A - a wand of polymorph (30)
 E - a wand of acid (34)
 J - a wand of paralysis (40)
 N - a wand of charming (36)
 T - a wand of iceblast (4)
Scrolls
 f - 9 scrolls of teleportation
 l - 11 scrolls of fog
 u - 6 scrolls of magic mapping
 v - 4 scrolls of amnesia
 x - a scroll of holy word
 y - 22 scrolls of identify
 K - 5 scrolls of blinking
 M - 6 scrolls of fear
 Y - a scroll of brand weapon
Potions
 d - 8 potions of brilliance
 g - 7 potions of lignification
 j - 4 potions of mutation
 k - 8 potions of attraction
 m - 9 potions of flight
 n - 2 potions of cancellation
 o - 13 potions of curing
 C - a potion of magic
 F - 5 potions of heal wounds
 H - 3 potions of might
 U - a potion of invisibility
Miscellaneous
 s - a box of beasts
 G - a condenser vane


   Skills:
 + Level 15.3 Fighting
 + Level 15.1 Axes
 + Level 12.9 Armour
 + Level 10.5 Dodging
 + Level 11.1 Shields
 + Level 2.3 Spellcasting
 - Level 7.4 Conjurations
 - Level 10.5 Translocations
 + Level 20.7 Invocations
 - Level 3.0 Evocations


You had 19 spell levels left.
You knew the following spells:

 Your Spells              Type           Power        Failure   Level
a - Magic Dart            Conj           100%         3%          1
b - Blink                 Tloc           N/A          1%          2
c - Apportation           Tloc           100%         1%          1

Your spell library contained the following spells:

 Spells                   Type           Power        Failure   Level
 Gell's Gravitas          Tloc           36%          2%          3
 Portal Projectile        Hex/Tloc       90%          16%         3
 Conjure Flame            Conj/Fire      33%          28%         3
 Static Discharge         Conj/Air       33%          28%         3
 Animate Skeleton         Necr           8%           38%         1
 Corona                   Hex            4%           38%         1
 Freeze                   Ice            16%          38%         1
 Pain                     Necr           16%          38%         1
 Summon Small Mammal      Summ           16%          38%         1
 Mephitic Cloud           Conj/Pois/Air  23%          43%         3
 Call Imp                 Summ           4%           52%         2
 Ensorcelled Hibernation  Hex/Ice        8%           52%         2
 Poisonous Vapours        Pois/Air       8%           52%         2
 Slow                     Hex            4%           52%         2
 Hailstorm                Conj/Ice       33%          65%         4
 Confusing Touch          Hex            4%           75%         3
 Frozen Ramparts          Ice            8%           75%         3
 Inner Flame              Hex/Fire       4%           75%         3
 Ozocubu's Armour         Ice            4%           75%         3
 Vampiric Draining        Necr           2%           75%         3
 Lightning Bolt           Conj/Air       16%          92%         5
 Animate Armour           Summ/Erth      8%           98%         4
 Animate Dead             Necr           2%           98%         4
 Cause Fear               Hex            2%           98%         4
 Leda's Liquefaction      Hex/Erth       2%           98%         4
 Petrify                  Tmut/Erth      4%           98%         4
 Summon Ice Beast         Ice/Summ       4%           98%         4
 Bolt of Magma            Conj/Fire/Erth 11%          98%         5
 Agony                    Necr           4%           100%        5
 Borgnjor's Vile Clutch   Necr/Erth      2%           100%        5
 Metabolic Englaciation   Hex/Ice        2%           100%        5
 Silence                  Hex/Air        2%           100%        5
 Yara's Violent Unravell  Hex/Tmut       2%           100%        5
 Freezing Cloud           Conj/Ice/Air   11%          100%        6
 Iron Shot                Conj/Erth      16%          100%        6
 Shadow Creatures         Summ           N/A          100%        6
 Statue Form              Tmut/Erth      2%           100%        6
 Ignition                 Fire           2%           100%        8
 Shatter                  Erth           2%           100%        9
 Tornado                  Air            2%           100%        9


Dungeon Overview and Level Annotations

Branches:
Dungeon (15/15)            Temple (1/1) D:4            Lair (6/6) D:9
 Shoals (4/4) Lair:4        Snake (4/4) Lair:3        Slime (0/5) Lair:6
    Orc (2/2) D:12            Elf (0/3) Orc:2        Vaults (2/5) D:14
  Crypt (0/3) Vaults:2     Depths (0/5) D:15          IceCv (visited)
Volcano (visited)         Gauntlet (visited)

Altars:
Ashenzari
Cheibriados
Dithmenos
Elyvilon
Fedhas
Gozag
Hepliaklqana
Kikubaaqudgha
Makhleb
Nemelex Xobeh
Okawaru
Qazlal
Ru
Sif Muna
Trog
Uskayaw
Vehumet
Wu Jian
Xom
Yredelemnul
Zin
The Shining One
Beogh

Shops:
Orc:2 =!?[(   Shoals:4 (   Snake:1 :==   Snake:2 (*   Vaults:1 ?[[*

Portals:
Trove: D:12 (show slimy rune of Zot)

Annotations:
Vaults:2 Mennas


Innate Abilities, Weirdness & Mutations

You have a pair of large antennae on your head. (SInv)
You have an unnaturally thin skeletal structure. (Dex +6, Stealth++)
You regenerate a lot of health from kills.
Your magical and physical power is enhanced at high health.
Spells you cast may paralyse nearby enemies.
You are dopey. (Int -2)
Your natural rate of healing is unusually fast.
Your spells are a little harder to cast, but a little more powerful.


Message History

You feel better.
Mennas gestures frantically.
Mennas is healed somewhat.
Mennas hits you with a +4 trishula of holy wrath!
You convulse.
Mennas hits you but does no damage. Mennas blocks your attack.
Mennas is severely wounded.
Mennas gestures at you.
Mennas hits you with a +4 trishula of holy wrath!
You convulse!
You block Mennas's attack. Mennas blocks your attack.
Mennas is severely wounded.
Mennas closely misses you. Mennas completely misses you.
Mennas hits you with a +4 trishula of holy wrath!
You convulse.
You block Mennas's attack. Mennas blocks your attack.
Mennas is severely wounded.
Mennas gestures frantically.
You are confused.
You bump into the stone wall.
Mennas hits you with a +4 trishula of holy wrath!
You convulse!
Mennas hits you but does no damage.
Mennas gestures frantically.
You are more confused.
Mennas hits you but does no damage. x2; Mennas misses you.
Mennas hits you but does no damage.
You see here a +0 short sword.
Mennas gestures frantically.
You are more confused.
Mennas hits you with a +4 trishula of holy wrath!
You convulse!
* * * LOW HITPOINT WARNING * * *
Mennas hits you with a +4 trishula of holy wrath!
* * * LOW HITPOINT WARNING * * *
You convulse.
* * * LOW HITPOINT WARNING * * *
Mennas hits you with a +4 trishula of holy wrath!!
* * * LOW HITPOINT WARNING * * *
You convulse!!
You die...

#≈≈...≈≈# # #.......#
# #.......# #
#.......# #
#≈≈...≈≈### #
#≈≈...≈≈#.. #
####'####.# #
#.......#A##
########.##.##.#@.##
.......#.#.#.#.')).#
.......)).#>#..#....#
...#..[[.#.#.#.#...##
..#....#.##.##.#..##
.....#.#.......#.##
....#..#########.#
.......# #.. {
######## ###


You could see Mennas.

Vanquished Creatures
  Vashnia (Snake:3)
  Saint Roka (Vaults:2)
  Rupert (D:12)
  2 tentacled starspawn (Abyss:1)
  Donald (Snake:1)
  Roxanne (Snake:1)
  A revenant (Vaults:2)
  14 nagarajas
  Kirke (D:12)
  A frost giant (IceCv)
  A vault warden (Vaults:1)
  Aizul (Lair:3)
  2 orc warlords
  5 very ugly things (Abyss:1)
  3 ironheart preservers
  A curse skull (Vaults:2)
  A lorocyproca (Abyss:1)
  Azrael (Snake:1)
  Snorg (Lair:5)
  A minotaur (Gauntlet)
  2 merfolk javelineers (Shoals:4)
  An ettin (Orc:1)
  4 fire dragons
  Harold (D:10)
  8 merfolk impalers
  Fannar (Lair:1)
  5 boulder beetles
  2 great orbs of eyes
  4 yaktaur captains
  A vault guard (D:14)
  Erolcha (D:12)
  17 naga warriors
  A rakshasa (Vaults:2)
  A catoblepas (Lair:6)
  2 ogre magi
  5 hydras
  7 centaur warriors
  10 anacondas
  4 alligator snapping turtles
  9 two-headed ogres
  6 merfolk aquamancers
  2 satyrs
  5 merfolk avatars
  A queen ant (Lair:2)
  A deep troll earth mage (Vaults:2)
  12 death yaks
  3 tengu warriors
  2 vampire magi (Vaults:2)
  15 naga sharpshooters
  A hell hog (Abyss:1)
  A thrashing horror (Abyss:1)
  A hell knight (Volcano)
  3 deep elf knights (Vaults:1)
  4 shock serpents
  2 orc high priests (Orc:2)
  A fire crab (Lair:5)
  3 wretched stars (Abyss:1)
  3 salamander mystics
  2 skeletal warriors (Vaults:2)
  An unseen horror (D:11)
  4 deep trolls (Vaults:2)
  8 naga ritualists
  The ghost of confidenceinterval the Protected, a novice GrFi of Gozag (D:6)
  A deep elf archer (Vaults:1)
  An unseen horror (shapeshifter) (D:14)
  20 sea snakes
  An obsidian statue (Vaults:1)
  2 glowing orange brains
  Pikel (D:7)
  A lindwurm (shapeshifter) (D:14)
  2 deep elf zephyrmancers (Vaults:1)
  11 mana vipers
  3 orc sorcerers (Orc:2)
  2 lindwurms (Lair:6)
  5 orc knights
  A deep elf pyromancer (Vaults:1)
  4 ironbrand convokers
  A necromancer (Vaults:1)
  A wolf spider (Vaults:1)
  13 harpies
  A worldbinder (Abyss:1)
  28 fauns
  A manticore (shapeshifter) (D:14)
  5 cyclopes
  20 ugly things
  10 manticores
  2 large abominations (Abyss:1)
  A moth of wrath (Gauntlet)
  4 vault sentinels (Vaults:1)
  An ice statue (IceCv)
  10 salamanders
  36 black mambas
  7 elephants
  An orange demon (Abyss:1)
  21 naga magi
  5 guardian serpents
  An apocalypse crab (Abyss:1)
  14 merfolk sirens
  A stone giant skeleton (Vaults:1)
  A cane toad (shapeshifter) (D:14)
  11 water nymphs
  2 molten gargoyles (Lair:6)
  A torpor snail (Gauntlet)
  14 cane toads
  A smoke demon (Abyss:1)
  A gargoyle (D:13)
  Psyche (D:11)
  A centaur skeleton (D:13)
  A kobold demonologist (D:15)
  4 yaktaurs
  A hellion (Abyss:1)
  3 tengu conjurers
  3 rime drakes
  2 efreet
  A komodo dragon (shapeshifter) (D:13)
  2 ice devils (Lair:3)
  An ancient zyme (Abyss:1)
  23 merfolk
  23 polar bears
  16 komodo dragons
  14 trolls
  A tengu simulacrum (Vaults:1)
  12 wind drakes
  A meliai zombie (D:15)
  A hornet (shapeshifter) (D:13)
  A wolf spider simulacrum (D:14)
  40 blink frogs
  An ettin zombie (Vaults:1)
  17 slime creatures
  4 dream sheep (Shoals:3)
  11 snapping turtles
  Prince Ribbit (Lair:2)
  A boulder beetle zombie (Vaults:1)
  11 starcursed masses (Abyss:1)
  2 spriggans (shapeshifter)
  The ghost of TimeIsEndless the Ruffian, an amateur VSTm (D:3)
  16 water elementals
  3 vampires
  7 wyverns
  5 wraiths
  A hog (D:12)
  4 fire bats (D:13)
  63 yaks
  3 ynoxinuls (Abyss:1)
  A human simulacrum (Vaults:1)
  A chaos spawn (Abyss:1)
  3 fire elementals (Lair:3)
  6 basilisks
  3 vampire mosquitoes (D:14)
  2 steam dragons (Lair:6)
  7 wargs
  2 soldier ants (Lair:2)
  63 nagas
  10 small abominations
  14 water moccasins
  7 acid dragons
  An ogre skeleton (Vaults:1)
  Duvessa (D:4)
  8 hell hounds
  46 orc warriors
  4 ice beasts
  5 black bears (D:9)
  2 eyes of draining
  2 sky beasts
  A hornet zombie (D:15)
  2 necrophages
  27 wolves
  17 ogres
  14 centaurs
  A phantom (D:12)
  11 kobold brigands
  Blork the orc (D:4)
  31 bullfrogs
  A gnoll sergeant (Orc:2)
  9 scorpions
  Dowan (D:4)
  A water moccasin skeleton (D:10)
  A troll zombie (D:12)
  20 wights
  5 electric eels
  A bullfrog zombie (D:13)
  3 howler monkeys
  A crimson imp (D:6)
  7 lava snakes
  5 centaur zombies
  3 quasits
  7 hounds
  6 jellies
  35 orc priests
  6 iron imps
  Natasha (thrice) (D:4)
  6 iguanas
  29 orc wizards
  17 worker ants
  7 ogre zombies (D:12)
  A hound zombie (D:7)
  A howler monkey zombie (D:6)
  15 adders
  9 gnolls
  3 shadow imps (D:8)
  5 white imps
  3 ufetubi
  An ooze (D:3)
  An adder zombie (D:8)
  4 worms
  A dart slug (D:2)
  2 leopard geckos
  157 orcs
  4 giant cockroaches
  6 goblins
  9 hobgoblins
  10 jackals
  3 quokkas
  A ball python (D:3)
  7 bats
  6 frilled lizards
  2 goblin skeletons
  A goblin zombie (D:12)
  A hobgoblin skeleton (D:12)
  5 hobgoblin zombies
  A jackal skeleton (D:9)
  14 kobolds
  A kobold zombie (D:6)
  A leopard gecko skeleton (D:4)
  A leopard gecko zombie (D:6)
  6 orc skeletons
  17 orc zombies
  A quokka skeleton (D:6)
  A quokka zombie (D:5)
  12 rats
  3 fire vortices (D:13)
  A lurking horror (Abyss:1)
  A plant (Shoals:4)
  4 starspawn tentacles (Abyss:1)
1571 creatures vanquished.

Vanquished Creatures (collateral kills)
  An oklob plant (Lair:4)
1 creature vanquished.

Vanquished Creatures (others)
  A deep elf annihilator (Vaults:1)
  Erica (D:10)
  An anaconda (Snake:1)
  A deep elf knight (Vaults:1)
  A rime drake (IceCv)
  5 polar bears (IceCv)
  4 yaks (IceCv)
  2 humans (D:12)
  An ogre (D:12)
  A bullfrog (D:12)
  An orc skeleton (D:12)
  2 orc zombies (D:12)
  A bush (Lair:2)
  26 demonic plants (Gauntlet)
  57 fungi
  346 plants
  2 starspawn tentacles (Abyss:1)
453 creatures vanquished.

Grand Total: 2025 creatures vanquished

Notes
Turn   | Place    | Note
-------+----------+-------------------------------------------
     0 | D:1      | Ijustatesigmund the Demonspawn Fighter began the quest for
                  | the Orb.
     0 | D:1      | Reached XP level 1. HP: 18/18 MP: 1/1
   164 | D:1      | Gained mutation: Your natural rate of healing is unusually
                  | fast. [potion of mutation]
   164 | D:1      | Gained mutation: You are dopey. (Int -2) [potion of
                  | mutation]
   164 | D:1      | Gained mutation: Your spells are a little harder to cast,
                  | but a little more powerful. [potion of mutation]
   182 | D:1      | Gained mutation: Spells you cast may paralyse adjacent
                  | enemies. [demonic ancestry]
   182 | D:1      | Reached XP level 2. HP: 24/24 MP: 2/2
   680 | D:2      | Found a faded altar of an unknown god.
   741 | D:2      | Reached skill level 1 in Dodging
   835 | D:2      | Gained mutation: You have a pair of small antennae on your
                  | head. [demonic ancestry]
   835 | D:2      | Reached XP level 3. HP: 29/29 MP: 3/3
  1208 | D:2      | Found a shimmering blue altar of Sif Muna.
  1354 | D:3      | Reached XP level 4. HP: 35/35 MP: 4/4
  1424 | D:3      | Found a transporter.
  1435 | D:3      | Found a transporter.
  1440 | D:3      | Noticed TimeIsEndless's ghost (amateur VSTm)
  1457 | D:3      | Killed TimeIsEndless's ghost
  1458 | D:3      | Gained mutation: You regenerate a little health from kills.
                  | [demonic ancestry]
  1458 | D:3      | Reached XP level 5. HP: 36/42 MP: 3/5
  1458 | D:3      | Reached XP level 6. HP: 41/48 MP: 3/6
  1917 | D:4      | Reached skill level 5 in Axes
  1925 | D:4      | Noticed Natasha
  1928 | D:4      | Noticed Duvessa
  1932 | D:4      | Noticed Dowan
  1933 | D:4      | Reached XP level 7. HP: 44/55 MP: 5/7
  1934 | D:4      | Killed Natasha
  1938 | D:4      | Noticed Natasha
  1944 | D:4      | Killed Dowan
  1945 | D:4      | Reached skill level 5 in Fighting
  1952 | D:4      | Killed Natasha
  1960 | D:4      | Killed Duvessa
  2023 | D:4      | Found a staircase to the Ecumenical Temple.
  2039 | D:4      | Noticed Blork the orc
  2050 | D:4      | Killed Blork the orc
  2136 | D:4      | Noticed Natasha
  2144 | D:4      | Killed Natasha
  2449 | D:4      | Found a glowing drain.
  2500 | D:5      | Entered Level 5 of the Dungeon
  2644 | D:5      | Gained mutation: You regenerate health from kills. [demonic
                  | ancestry]
  2644 | D:5      | Reached XP level 8. HP: 35/63 MP: 1/8
  3471 | D:6      | Found a runed translucent gate.
  3472 | D:6      | Found a runed translucent gate.
  3627 | D:6      | Found a glowing golden altar of the Shining One.
  3702 | D:6      | Found a hazy altar of Hepliaklqana.
  4009 | D:6      | Found a runed translucent gate.
  4013 | D:6      | Noticed confidenceinterval's ghost (novice GrFi)
  4014 | D:6      | Identified the +5 dagger "Umnud" {venom, *Rage *Corrode
                  | Dex+10 Stlth+}
  4023 | D:6      | Reached skill level 5 in Armour
  4023 | D:6      | Gained mutation: Spells you cast may paralyse nearby
                  | enemies. [demonic ancestry]
  4023 | D:6      | Reached XP level 9. HP: 71/71 MP: 9/9
  4076 | D:6      | Killed confidenceinterval's ghost
  4338 | D:6      | Found a radiant altar of Vehumet.
  4338 | D:6      | Found a burning altar of Makhleb.
  4593 | Temple   | Entered the Ecumenical Temple
  4890 | D:7      | Found an iron altar of Okawaru.
  4890 | D:7      | Found a broken altar of Ashenzari.
  5251 | D:7      | Found a sparkling altar of Nemelex Xobeh.
  5499 | D:7      | Noticed Pikel
  5512 | D:7      | Killed Pikel
  5513 | D:7      | Reached XP level 10. HP: 80/80 MP: 8/10
  5773 | D:7      | Found an opulent altar of Gozag.
  5773 | D:7      | Found a glowing silver altar of Zin.
  5988 | D:8      | You fall into a shaft and drop 2 floors!
  5988 | D:10     | Entered Level 10 of the Dungeon
  6127 | D:8      | Found a transporter.
  6147 | D:8      | Noticed a cane toad
  6147 | D:8      | a kobold demonologist changed into a cane toad
  6163 | D:8      | Killed a cane toad
  6175 | D:8      | Found a transporter.
  6325 | D:8      | Found a snail-covered altar of Cheibriados.
  6343 | D:8      | Became a worshipper of Cheibriados the Contemplative
  6767 | D:9      | Reached skill level 1 in Invocations
  6774 | D:9      | Reached skill level 10 in Axes
  6860 | D:9      | Reached skill level 2 in Invocations
  6875 | D:9      | Found a staircase to the Lair.
  6952 | D:9      | Found a shimmering altar of Xom.
  6952 | D:9      | Found a hide-covered altar of Uskayaw.
  6952 | D:9      | Found a basalt altar of Yredelemnul.
  6961 | D:9      | Reached * piety under Cheibriados
  7056 | D:9      | Reached skill level 3 in Invocations
  7067 | D:9      | Found an ancient bone altar of Kikubaaqudgha.
  7630 | D:10     | Gained mutation: You have a pair of antennae on your head.
                  | [demonic ancestry]
  7630 | D:10     | Reached XP level 11. HP: 72/89 MP: 13/13
  7637 | D:10     | Reached skill level 4 in Invocations
  7648 | D:10     | Reached ** piety under Cheibriados
  7758 | D:10     | Noticed a boulder beetle
  7777 | D:10     | Killed a boulder beetle
  7848 | D:10     | Noticed Erica
  7850 | D:10     | Noticed Harold
  7861 | D:10     | Reached skill level 5 in Invocations
  7982 | D:10     | Killed Erica
  7983 | D:10     | Reached skill level 1 in Evocations
  7998 | D:10     | Killed Harold
  8226 | D:11     | Noticed a brown ugly thing
  8249 | D:11     | Killed a brown ugly thing
  8305 | D:11     | Reached skill level 6 in Invocations
  8386 | D:11     | Noticed a red ugly thing
  8460 | D:11     | Killed an unseen horror
  8768 | D:11     | Killed a brown ugly thing
  8769 | D:11     | Reached skill level 10 in Fighting
  8895 | D:11     | Upgraded the game from 0.27-a0-412-g8dd771eca2 to
                  | 0.27-a0-416-gca2cecf3c0
  9025 | D:11     | Noticed Psyche
  9040 | D:11     | Killed Psyche
  9363 | D:12     | Noticed Rupert
  9514 | D:12     | Reached *** piety under Cheibriados
  9662 | D:12     | Reached skill level 7 in Invocations
  9782 | Lair:1   | Entered Level 1 of the Lair of Beasts
  9811 | Lair:1   | Reached XP level 12. HP: 50/97 MP: 17/17
 10282 | Lair:1   | Reached skill level 5 in Shields
 10408 | Lair:1   | Reached **** piety under Cheibriados
 10519 | Lair:1   | Noticed Fannar
 10530 | Lair:1   | Killed Fannar
 10814 | Lair:2   | Noticed a death yak
 10815 | Lair:2   | Noticed a death yak
 10816 | Lair:2   | Noticed a death yak
 10817 | Lair:2   | Noticed a death yak
 10838 | Lair:1   | Reached skill level 8 in Invocations
 10939 | Lair:2   | Found a dark tunnel.
 10947 | Volcano  | Entered a volcano
 10963 | Volcano  | Noticed a centaur warrior
 10969 | Volcano  | Killed a centaur warrior
 10976 | Volcano  | Found a bloodstained altar of Trog.
 11039 | Volcano  | Reached skill level 5 in Dodging
 11039 | Volcano  | Reached skill level 9 in Invocations
 11039 | Volcano  | Gained mutation: You have a somewhat thin skeletal
                  | structure. (Dex +2, Stealth) [demonic ancestry]
 11039 | Volcano  | Reached XP level 13. HP: 106/106 MP: 18/20
 11142 | Lair:2   | Noticed Prince Ribbit
 11157 | Lair:2   | Killed Prince Ribbit
 11474 | Lair:2   | Reached skill level 10 in Invocations
 11501 | Lair:3   | Reached ***** piety under Cheibriados
 11557 | Lair:3   | Found a frozen archway.
 11581 | IceCv    | Entered an ice cave
 11834 | IceCv    | Reached XP level 14. HP: 114/114 MP: 21/21
 12058 | IceCv    | Noticed a frost giant
 12084 | IceCv    | Killed a frost giant
 12085 | IceCv    | Reached skill level 11 in Invocations
 12408 | Lair:3   | Found a staircase to the Snake Pit.
 13543 | Lair:4   | Reached skill level 12 in Invocations
 13606 | Lair:4   | Reached ****** piety under Cheibriados
 13806 | Lair:4   | Found a staircase to the Shoals.
 13929 | Lair:4   | Reached skill level 10 in Armour
 14395 | Lair:5   | Noticed Snorg
 14414 | Lair:5   | Killed Snorg
 15211 | Lair:6   | Entered Level 6 of the Lair of Beasts
 15334 | Lair:5   | Gained mutation: You have a pair of large antennae on your
                  | head. (SInv) [demonic ancestry]
 15334 | Lair:5   | Reached XP level 15. HP: 112/122 MP: 24/24
 15336 | Lair:5   | Learned a level 1 spell: Magic Dart
 15339 | Lair:5   | Learned a level 2 spell: Blink
 15474 | Lair:6   | Reached skill level 13 in Invocations
 15491 | Lair:6   | Reached skill level 1 in Conjurations
 15494 | Lair:6   | Reached skill level 1 in Translocations
 15606 | Lair:6   | Found a staircase to the Slime Pits.
 15661 | Lair:6   | Found a blossoming altar of Fedhas.
 16028 | Lair:6   | Found a large runed translucent door.
 16028 | Lair:6   | Found a large runed translucent door.
 16879 | D:12     | Found a shimmering altar of Xom.
 17003 | D:12     | Noticed Kirke
 17010 | D:12     | Killed Kirke
 17031 | D:12     | Killed Rupert
 17032 | D:12     | Reached skill level 14 in Invocations
 17385 | D:12     | Noticed Erolcha
 17392 | D:12     | Killed Erolcha
 17426 | D:12     | Found a staircase to the Orcish Mines.
 17976 | D:12     | Found a portal to a secret trove of treasure.
 18167 | D:13     | Reached skill level 5 in Conjurations
 18455 | D:13     | Reached skill level 5 in Translocations
 18532 | D:13     | Paralysed by a hornet for 2 turns
 19111 | D:14     | Found a gate leading to a gauntlet.
 19120 | Gauntlet | Entered a Gauntlet
 19120 | Gauntlet | Found a transporter.
 19120 | Gauntlet | Found a transporter.
 19121 | Gauntlet | Found a transporter.
 19121 | Gauntlet | Found a transporter.
 19124 | Gauntlet | Found a transporter.
 19124 | Gauntlet | Found a transporter.
 19126 | Gauntlet | Found a large runed translucent door.
 19157 | Gauntlet | Found a large runed translucent door.
 19158 | Gauntlet | Found a large runed translucent door.
 19159 | Gauntlet | Found a large runed translucent door.
 19159 | Gauntlet | Found a large runed translucent door.
 19159 | Gauntlet | Found a runed translucent door.
 19159 | Gauntlet | Found a runed translucent door.
 19160 | Gauntlet | Found a large runed translucent door.
 19161 | Gauntlet | Found a large runed translucent door.
 19162 | Gauntlet | Found a large runed translucent door.
 19162 | Gauntlet | Found a large runed translucent door.
 19163 | Gauntlet | Found a runed translucent gate.
 19163 | Gauntlet | Found a runed translucent gate.
 19163 | Gauntlet | Found a runed translucent gate.
 19165 | Gauntlet | Found a transporter.
 19169 | Gauntlet | Found a transporter.
 19179 | Gauntlet | Found a transporter.
 19201 | Gauntlet | Found a transporter.
 19219 | Gauntlet | Found a transporter.
 19223 | Gauntlet | Found a transporter.
 19306 | Gauntlet | Found a large runed translucent door.
 19306 | Gauntlet | Found a large runed translucent door.
 19306 | Gauntlet | Found a large runed translucent door.
 19306 | Gauntlet | Found a large runed translucent door.
 19330 | Gauntlet | Identified an ichor-stained giant spiked club
 19360 | Gauntlet | Reached skill level 15 in Invocations
 19411 | Gauntlet | Identified a twitching golden ring
 19413 | Gauntlet | Identified a smoking ivory ring
 19533 | D:14     | Gained mutation: You regenerate a lot of health from kills.
                  | [demonic ancestry]
 19533 | D:14     | Reached XP level 16. HP: 129/129 MP: 27/27
 19697 | D:14     | Found a gate to the Vaults.
 20417 | D:15     | Entered Level 15 of the Dungeon
 20473 | D:15     | Found a broken altar of Ashenzari.
 20728 | D:15     | Reached skill level 16 in Invocations
 21115 | D:15     | Found a staircase to the Depths.
 21260 | Orc:1    | Entered Level 1 of the Orcish Mines
 21625 | Orc:2    | Entered Level 2 of the Orcish Mines
 21871 | Orc:2    | Found a roughly hewn altar of Beogh.
 21929 | Orc:2    | Found a staircase to the Elven Halls.
 22034 | Orc:2    | Found a roughly hewn altar of Beogh.
 22133 | Orc:2    | Found a roughly hewn altar of Beogh.
 22279 | Orc:2    | Found a roughly hewn altar of Beogh.
 22323 | Orc:2    | Found a roughly hewn altar of Beogh.
 22333 | Orc:2    | Found Huttix's Jewellery Emporium.
 22378 | Orc:2    | Found a roughly hewn altar of Beogh.
 22401 | Orc:2    | Found Duorag's Magic Scroll Shop.
 22409 | Orc:2    | Bought 3 scrolls of magic mapping for 147 gold pieces
 22409 | Orc:2    | Bought a scroll of identify for 28 gold pieces
 22409 | Orc:2    | Bought a scroll of identify for 28 gold pieces
 22409 | Orc:2    | Bought a scroll of enchant armour for 105 gold pieces
 22409 | Orc:2    | Bought a scroll of identify for 28 gold pieces
 22409 | Orc:2    | Bought a scroll of enchant weapon for 105 gold pieces
 22409 | Orc:2    | Bought 3 scrolls of fog for 84 gold pieces
 22537 | Orc:2    | Found a roughly hewn altar of Beogh.
 22571 | Orc:2    | Found a roughly hewn altar of Beogh.
 22572 | Orc:2    | Found Ukhloyde's Distillery.
 22673 | Orc:2    | Reached skill level 17 in Invocations
 22704 | Orc:2    | Found Uciafubb's Antique Weapon Emporium.
 22705 | Orc:2    | Found a roughly hewn altar of Beogh.
 22706 | Orc:2    | Found Meigreik's Antique Armour Shoppe.
 22713 | Orc:2    | Bought a slimy chain mail for 266 gold pieces
 22713 | Orc:2    | Identified the +6 chain mail "Zaesucue" {rElec rC- Str+4
                  | Int+4} (You bought it in a shop on level 2 of the Orcish
                  | Mines)
 22713 | Orc:2    | Bought a pair of embroidered boots for 210 gold pieces
 23020 | Shoals:1 | Entered Level 1 of the Shoals
 23790 | Shoals:1 | Reached skill level 10 in Translocations
 23904 | Shoals:2 | Gained mutation: You have a moderately thin skeletal
                  | structure. (Dex +4, Stealth+) [demonic ancestry]
 23904 | Shoals:2 | Reached XP level 17. HP: 118/135 MP: 29/29
 24039 | Shoals:2 | Reached skill level 18 in Invocations
 25442 | Shoals:4 | Entered Level 4 of the Shoals
 25446 | Shoals:4 | Found Koqelid's Weapon Emporium.
 25631 | Shoals:4 | Got a barnacled rune of Zot
 26377 | Snake:1  | Entered Level 1 of the Snake Pit
 26385 | Snake:1  | Noticed Aizul
 26389 | Snake:1  | Noticed Azrael
 26400 | Lair:3   | Killed Aizul
 26401 | Lair:3   | Reached skill level 19 in Invocations
 26401 | Lair:3   | Gained mutation: Your magical and physical power is
                  | slightly enhanced at high health. [demonic ancestry]
 26401 | Lair:3   | Reached XP level 18. HP: 46/144 MP: 29/31
 26747 | Orc:2    | Bought the ring "Ahutam" {rPois rF+ rC- Str+5 Dex+3} for
                  | 598 gold pieces
 27087 | Snake:1  | You fall into a shaft and drop 1 floor!
 27088 | Snake:2  | Found Esittal's Weapon Emporium.
 27088 | Snake:2  | Found Cudghiuj's Assorted Antiques.
 27103 | Snake:2  | Found Mebuwk's Antique Armour Emporium.
 27111 | Snake:2  | Bought a scroll labelled UMIASAUHIX for 41 gold pieces
 27493 | Snake:2  | Learned a level 1 spell: Apportation
 27601 | Snake:1  | Noticed Donald
 27613 | Snake:1  | Killed Donald
 27723 | Snake:1  | Noticed Roxanne
 27741 | Snake:1  | Killed Roxanne
 27830 | Snake:1  | Killed Azrael
 28128 | Snake:1  | Found Uvvan's Jewellery Shoppe.
 28131 | Snake:1  | Found Rotyl's Book Boutique.
 28133 | Snake:1  | Found Ofasmom's Jewellery Shoppe.
 29184 | Snake:3  | Noticed Vashnia
 29228 | Snake:3  | Killed Vashnia
 29621 | Snake:4  | Entered Level 4 of the Snake Pit
 29624 | Snake:4  | Found a flickering gateway to a bazaar.
 29638 | Snake:4  | Gained mutation: You have an unnaturally thin skeletal
                  | structure. (Dex +6, Stealth++) [demonic ancestry]
 29638 | Snake:4  | Reached XP level 19. HP: 141/153 MP: 14/32
 29669 | Bazaar   | Entered a bazaar
 29725 | Bazaar   | Found Ver Xousi's Antique Armour Emporium.
 29751 | Bazaar   | Found Geazakiff's Antique Armour Emporium.
 29782 | Bazaar   | Found Baopous's Assorted Antiques.
 29799 | Bazaar   | Found Mupn's Book Emporium.
 29857 | Bazaar   | Bought a pair of runed boots for 135 gold pieces
 29857 | Bazaar   | Bought a pair of embroidered boots for 135 gold pieces
 30470 | Snake:4  | Reached skill level 10 in Shields
 30518 | Snake:4  | Reached skill level 20 in Invocations
 30547 | Snake:4  | Cast into level 1 of the Abyss (naga)
 30781 | Abyss:1  | Paralysed by you for 7 turns
 31356 | Snake:4  | Escaped the Abyss
 31421 | Snake:4  | Got a serpentine rune of Zot
 32267 | Vaults:1 | Entered Level 1 of the Vaults
 32335 | Vaults:1 | Reached skill level 10 in Dodging
 32432 | Vaults:1 | Found Wiciw's Antique Armour Shop.
 32434 | Vaults:1 | Found Dair's Antique Armour Boutique.
 32456 | Vaults:1 | Reached skill level 15 in Fighting
 32543 | Vaults:1 | Found Iwnidaj's Assorted Antiques.
 32767 | Vaults:1 | Gained mutation: Your magical and physical power is
                  | enhanced at high health. [demonic ancestry]
 32767 | Vaults:1 | Reached XP level 20. HP: 162/162 MP: 34/34
 32767 | Vaults:1 | Upgraded the game from 0.27-a0-416-gca2cecf3c0 to
                  | 0.27-a0-419-g7a85846853
 32853 | Vaults:1 | Found an iron altar of Okawaru.
 32863 | Vaults:1 | Found Lom Buet's Magic Scroll Shop.
 32890 | Vaults:1 | Bought a scroll of fog for 26 gold pieces
 32890 | Vaults:1 | Bought a scroll of blinking for 97 gold pieces
 32890 | Vaults:1 | Bought a scroll of enchant armour for 97 gold pieces
 32890 | Vaults:1 | Bought a scroll of identify for 26 gold pieces
 33253 | Vaults:1 | Identified the +4 trident of the Ten Beasts {drain, *Drain
                  | *Slow Str+8 Int+4}
 33254 | Vaults:1 | Identified the +5 ring mail "Tuliafri" {-Tele Str+4 Int+3
                  | Dex+4}
 33310 | Vaults:2 | Reached skill level 15 in Axes
 33318 | Vaults:2 | Reached skill level 1 in Spellcasting
 33328 | Vaults:2 | Noticed Saint Roka
 33338 | Vaults:2 | Killed Saint Roka
 33552 | Vaults:2 | Identified the +3 hand crossbow of the Eleven Coins
                  | {vorpal, Str+6}
 33705 | Vaults:2 | Found a staircase to the Crypt.
 33718 | Vaults:2 | Noticed Mennas
 33761 | Vaults:2 | Annihilated by Mennas

Illustrated notes

Levels and vault maps discovered:
D:1:      minmay_arrival_four_circles, layout_basic, minmay_tetromino_i4
D:2:      layout_rooms, led_sif_pool, chequers_ecumenical_altar_simple
D:3:      layout_rooms, gammafunk_ghost_arena
D:4:      layout_cave_pools, minmay_temple_entry_junction_2,
          portal_sewer_entry_b, uniq_blork_the_orc, uniq_natasha, uniq_duvessa
D:5:      layout_cave_pods, lemuel_old_faithful
D:6:      layout_basic, grunt_temple_overflow_lords_of_destruction,
          kennysheep_mini_moat, gammafunk_ghost_nasty_kobolds,
          minmay_misc_feat_cross, corexii_leaking_fountain,
          nicolae_tso_besieged_by_evil
D:7:      layout_loops_corners, grunt_temple_overflow_gold_and_silver,
          old_standard_altar, gammafunk_temple_overflow_statue,
          grunt_ministairs_11, uniq_pikel
D:8:      gammafunk_wand_slinger, layout_cave_pools, lemuel_crystal_altar,
          minmay_starry_boxes
D:9:      layout_roguey, chequers_temple_overflow_statue_of_worship,
          grunt_lair_entry_orc_guard_hut, basic_altar
D:10:     layout_basic, uniq_erica, uniq_harold
D:11:     layout_loops_ring, uniq_psyche
D:12:     layout_grid_maze, zombieorc2_lemuel, trove_entry_hex_spiral,
          minmay_misc_feat_five, xom_teletrap_fun, uniq_erolcha, uniq_rupert,
          uniq_kirke
D:13:     layout_basic, hangedman_incinerator
D:14:     layout_gridville, david_vaults_5, gauntlet_entry_generic
D:15:     grunt_enter_depths_snipers, layout_long_grid, minivault_4,
          evilmike_ruin_ashenzari
Temple:   jpeg_temple_island
Lair:1:   layout_long_grid, small_statue_intersection, serial_bayou_lake_a,
          uniq_fannar
Lair:2:   layout_loops_ring, lightli_volcano_entry_magma_tube,
          grunt_forest_small_clearings, minmay_another_anthill,
          grunt_megastairs_4, uniq_prince_ribbit2
Lair:3:   layout_loops_ring, minmay_snake_entry_guardpost_small,
          portal_ice_cave_demonic_guard, grunt_megastairs_3
Lair:4:   layout_hall_layers, elwin_shoals_entry_rooms, beast_lair_carwin_1
Lair:5:   layout_cave_pods, nicolae_quartered_pool_super, uniq_snorg
Lair:6:   cheibrodos_lair_end_hotspot, layout_gridlike,
          minmay_slime_entry_pillars, basic_altar
Shoals:1: layout_shoals
Shoals:2: layout_shoals, nicolae_shoals_water_shrine
Shoals:3: layout_shoals
Shoals:4: shoals_end_grunt_garden, layout_shoals, serial_shops,
          nicolae_shop_stone, nicolae_shoals_stone_sculpture_thing
Snake:1:  layout_misc_corridors, st_stairs_6, minmay_shop_grove, uniq_roxanne,
          uniq_azrael, uniq_aizul, uniq_donald
Snake:2:  layout_gridlike, serial_bayou_pond_b, grunt_megastairs_2,
          minmay_shop_star
Snake:3:  layout_cave_pods, lemuel_fruit_tree, uniq_vashnia
Snake:4:  minmay_snake_end_coiled, layout_cave_town, serial_shops,
          bzr_entry_gold, serial_bayou_shore_a
Orc:1:    layout_caves
Orc:2:    grunt_orc_community_town_hall, layout_diamond_mine,
          grunt_orc_community_big_house_2, grunt_orc_community_big_house_1,
          grunt_orc_community_house_3, grunt_orc_community_house_3,
          grunt_orc_community_house_1, grunt_orc_community_house_1,
          grunt_orc_community_house_2, grunt_orc_community_house_1,
          serial_shops, shop_statue, nicolae_orc_flooded_monolith
Vaults:1: nicolae_vaults_triangles, v_alt_pattern_4, grunt_vaults_trifunnel,
          v_misc_19, nicolae_vaults_sealed_display, v_rooms_3,
          nicolae_vaults_statue_guard, ontoclasm_vaults_loading_screen,
          ontoclasm_vaults_eye, vaults_mumra_lcd,
          nicolae_vaults_little_squares_5, v_misc_3, layout_vaults_maze_bifur,
          serial_shops, shop, shop, nicolae_shop_overgrown_old_shop,
          shop_fountains, basic_altar
Vaults:2: nicolae_vaults_network_s, hangedman_vaults_pinch,
          nicolae_vaults_murderbox, v_misc_5, ontoclasm_vaults_hangar,
          minmay_crypt_entry_simple_box, grunt_vaults_diagonal,
          ontoclasm_vaults_shuriken, vaults_room_grid,
          nicolae_vaults_network_periphery, nicolae_vaults_three_branches,
          vaults_standard_mumra_x, vaults_room_pools, layout_vaults_ring,
          uniq_saint_roka, uniq_mennas

Skill      XL: |  1  2  3  4  5  6  7  8  9 10 11 12 13 14 15 16 17 18 19 20 |
---------------+-------------------------------------------------------------+-----
Axes           | 2 3 4 5 6 7 9 10 11 12 13 14 15 | 15.1
Dodging        | 1 2 3 5 6 7 9 10 | 10.5
Fighting       | 4 5 6 8 9 10 11 12 13 14 15 | 15.3
Armour         | 3 5 6 7 8 10 11 12 | 12.9
Shields        | 3 4 6 7 8 9 10 11 | 11.1
Invocations    | 3 7 9 10 12 15 17 19 20 | 20.7
Evocations     | 3 |  3.0
Conjurations   | 6 7 |  7.4
Translocations | 6 10 | 10.5
Spellcasting   | 2 |  2.3

Action                   |  1- 3 |  4- 6 |  7- 9 | 10-12 | 13-15 | 16-18 | 19-21 || total
-------------------------+-------+-------+-------+-------+-------+-------+-------++-------
Melee: War axe           |   130 |    93 |   524 |   726 |       |       |       ||  1473
       Broad axe         |       |       |       |       |  1182 |  1431 |   681 ||  3294
Throw: Javelin           |       |       |       |       |       |     2 |     1 ||     3
 Cast: Blink             |       |       |       |       |     1 |     4 |     2 ||     7
       Magic Dart        |       |       |       |       |     1 |       |       ||     1
Invok: Bend Time         |       |       |       |     3 |     1 |       |       ||     4
       Slouch            |       |       |       |     1 |     3 |     4 |       ||     8
       Step From Time    |       |       |       |       |     2 |       |       ||     2
       Temporal Distorti |       |       |       |       |     1 |       |       ||     1
Evoke: Wand              |       |       |       |    25 |    22 |    10 |     1 ||    58
       Condenser vane    |       |       |       |       |     1 |       |       ||     1
  Use: Scroll            |    11 |     3 |     4 |    18 |     5 |    13 |     3 ||    57
       Potion            |     1 |     3 |     4 |     6 |     3 |       |     1 ||    18
 Stab: Invisible         |       |       |       |     1 |       |       |       ||     1
       Paralysed         |       |       |       |       |     4 |     2 |       ||     6
       Sleeping          |       |       |       |       |       |     3 |     8 ||    11
       Distracted        |       |       |       |       |       |     1 |     3 ||     4
Armor: Scale mail        |    15 |       |       |       |       |       |       ||    15
       Plate armour      |    66 |   142 |   383 |   539 |       |       |       ||  1130
       Chain mail        |       |       |       |       |   453 |   417 |   156 ||  1026
Dodge: Dodged            |    24 |    31 |   107 |   200 |   735 |   866 |   464 ||  2427
Block: Kite shield       |    71 |    68 |   286 |   423 |   924 |  1737 |   685 ||  4194
       Reflection        |       |       |       |       |       |   183 |    75 ||   258

Table legend: (Time is in decaauts)
 A = Elapsed time spent in this place.
 B = Non-inter-level travel time spent in this place.
 C = Inter-level travel time spent in this place.
 D = Time resting spent in this place.
 E = Time spent auto-exploring this place.
 F = Levels seen in this place.
 G = Mean time per level.
                   A        B        C        D        E       F      G
               +--------+--------+--------+--------+--------+-----+--------+
         Total |  52921 |  47907 |   5014 |   1630 |  32840 |  39 | 1356.9 |
       Dungeon |  19377 |  17365 |   2012 |    712 |  12430 |  15 | 1291.8 |
        Temple |     76 |     40 |     36 |      0 |     33 |   1 |   76.0 |
          Lair |  11711 |  10112 |   1599 |    518 |   7456 |   6 | 1951.8 |
        Shoals |   5720 |   5358 |    362 |    247 |   3444 |   4 | 1430.0 |
     Snake Pit |   7003 |   6461 |    542 |     62 |   4766 |   4 | 1750.8 |
  Orcish Mines |   3048 |   2758 |    290 |      0 |   1877 |   2 | 1524.0 |
        Vaults |   2548 |   2377 |    171 |      4 |   1518 |   2 | 1274.0 |
         Abyss |   1338 |   1338 |      0 |      0 |    887 |   1 | 1338.0 |
        Bazaar |    424 |    424 |      0 |      0 |    303 |   1 |  424.0 |
      Ice Cave |    859 |    859 |      0 |     52 |    101 |   1 |  859.0 |
       Volcano |    204 |    204 |      0 |      0 |     21 |   1 |  204.0 |
      Gauntlet |    608 |    608 |      0 |     35 |      2 |   1 |  608.0 |
               +--------+--------+--------+--------+--------+-----+--------+

Top non-repeatable levels by time:
    D:12: 2914 daAuts
  Lair:6: 2321 daAuts
  Lair:5: 2102 daAuts
  Lair:3: 2080 daAuts
   Orc:2: 2057 daAuts
    D:14: 2050 daAuts
 Snake:4: 1916 daAuts
  Lair:1: 1891 daAuts
 Snake:1: 1874 daAuts
  Lair:2: 1862 daAuts
Vaults:1: 1775 daAuts
    D:11: 1765 daAuts
 Snake:3: 1668 daAuts
 Snake:2: 1543 daAuts
    D:13: 1540 daAuts
